 Dungeon Crawl Stone Soup version 0.29.1-2-gbd0b4ee654 (webtiles) character file.

Game seed: 12864523033433984863

426 safid the Shooter (level 6, -5/58 HPs)
             Began as a Minotaur Hunter on Nov 30, 2022.
             Slain by a mummy (9 damage)
             ... in an ossuary.
             The game lasted 00:05:04 (3709 turns).

safid the Shooter (Minotaur Hunter)                 Turns: 3709, Time: 00:05:04

Health: -5/58      AC:  6    Str: 15    XL:     6   Next: 64%
Magic:  5/5        EV: 10    Int:  6    God:
Gold:   169        SH:  0    Dex: 16    Spells: 5/5 levels left

rFire   . . .      SeeInvis .   a - +0 shortbow
rCold   . . .      Faith    .   (shield currently unavailable)
rNeg    . . .      Spirit   .   e - +0 scale mail
rPois   .          Reflect  .   (helmet restricted)
rElec   .          Harm     .   (no cloak)
rCorr   .          Rampage  .   (no gloves)
Will    .....                   (no boots)
Stlth   ..........              (no amulet)
HPRegen 0.19/turn               (no ring)
MPRegen 0.09/turn               (no ring)

@: flying
A: horns 2, retaliatory headbutt, MP-powered wands, devolution 1
a: no special abilities


You were in an ossuary.
You visited 1 branch of the dungeon, and saw 4 of its levels.
You also visited: Ossuary.

You collected 169 gold pieces.

Inventory:

Hand Weapons
 a - a +0 shortbow (weapon)
Armour
 e - a +0 scale mail (worn)
Jewellery
 l - a ring of magical power
Scrolls
 c - a scroll of fear {unknown}
 d - 6 scrolls of identify {unknown}
 h - 8 scrolls of teleportation {unknown}
 j - 3 scrolls of magic mapping {unknown}
 k - a scroll of summoning {unknown}
 m - a scroll of noise {unknown}
Potions
 b - 2 potions of flight
 f - a potion of mutation
 g - 2 potions of curing {unknown}
 i - a potion of degeneration {unknown}
 n - a potion of heal wounds {unknown}
 o - a potion of invisibility {unknown}


   Skills:
 + Level 6.3 Fighting
 + Level 7.0 Ranged Weapons
 - Level 2.1 Dodging
 - Level 0.7 Stealth


You had 5 spell levels left.
You didn't know any spells.
Your spell library contained the following spells:

 Spells                   Type           Power      Damage    Failure   Level
 Foxfire                  Conj/Fire      0%         2x1d4     91%         1
 Conjure Flame            Conj/Fire      0%         6-21      99%         3
 Gell's Gravitas          Tloc           0%         N/A       99%         3
 Inner Flame              Hex/Fire       0%         N/A       99%         3
 Lesser Beckoning         Tloc           0%         N/A       99%         3
 Teleport Other           Tloc           0%         N/A       99%         3
 Flame Wave               Conj/Fire      0%         2d4       100%        4


Dungeon Overview and Level Annotations

Branches:
Dungeon (4/15)            Ossuary (1/1)
 Temple: D:4-7

Altars:


Innate Abilities, Weirdness & Mutations

You have a pair of horns on your head.
You reflexively headbutt those who attack you in melee.
You expend magic power (3 MP) to strengthen your wands.
You have hidden genetic defects.


Message History

The mummy is moderately damaged.
The mummy hits you.
You shoot an arrow. The arrow hits the mummy.
The mummy is heavily damaged.
The mummy barely misses you. You furiously retaliate!
You headbutt the mummy. The kobold zombie hits you.
You shoot an arrow. The arrow hits the mummy.
The mummy is almost destroyed.
The kobold zombie closely misses you. The mummy barely misses you. x2
You shoot an arrow. The arrow hits the mummy.
You destroy the mummy!
The kobold zombie hits you but does no damage.
The mummy completely misses you. The mummy hits you!
Your Ranged Weapons skill increases to level 7!
You shoot an arrow. The arrow hits the mummy.
The mummy is heavily damaged.
The orc zombie hits you but does no damage.
The kobold zombie completely misses you.
You furiously retaliate!
You headbutt the kobold zombie!
You destroy the kobold zombie!
The mummy hits you! The mummy hits you.
* * * LOW HITPOINT WARNING * * *
Unknown command.
Fire: a) +0 shortbow
Press: ? - help, Q - select action Shift-Dir - straight line, f/p - mummy
Aim: a mummy (heavily damaged, 79% to hit)
You shoot an arrow. The arrow barely misses the mummy.
The orc zombie barely misses you. The mummy barely misses you.
The mummy hits you!
* * * LOW HITPOINT WARNING * * *
The orc zombie hits you but does no damage.
It was a potion of flight.
You feel very buoyant.
You fly up into the air.
It was a potion of mutation.
You feel extremely strange.
You feel a hidden malignance growing inside you.
You feel your magical essence link to the dungeon's wands.
The orc zombie hits you but does no damage.
The mummy hits you!
You die...

...........
.........
........
......
#....#
#....#
#MZM.#
#.@..#
#....#
#....#
#....#
#....#
#.∩∩.#
######


You could see 2 mummies and an orc zombie.

Vanquished Creatures
  Sigmund (D:3)
  2 jellies (D:3)
  An orc wizard (D:4)
  2 mummies (Ossuary)
  3 adders
  2 worms (D:2)
  6 orcs (D:4)
  17 endoplasms
  5 giant cockroaches
  16 goblins
  10 hobgoblins
  4 jackals (D:2)
  4 quokkas
  13 ball pythons
  4 bats
  2 frilled lizards
  A gnoll zombie (Ossuary)
  3 hobgoblin zombies (Ossuary)
  13 kobolds
  3 kobold zombies (Ossuary)
  A quokka zombie (D:4)
  4 rats
  A rat zombie (D:4)
118 creatures vanquished.

Vanquished Creatures (others)
  4 fungi (D:3)
  7 toadstools (D:3)
11 creatures vanquished.

Grand Total: 129 creatures vanquished

Notes
Turn   | Place    | Note
-------+----------+-------------------------------------------
     0 | D:1      | safid the Minotaur Hunter began the quest for the Orb.
     0 | D:1      | Reached XP level 1. HP: 18/18 MP: 0/0
   292 | D:1      | Reached XP level 2. HP: 25/25 MP: 1/1
   520 | D:1      | You fall into a shaft and drop 1 floor!
   973 | D:2      | Reached skill level 5 in Ranged Weapons
   973 | D:2      | Reached XP level 3. HP: 31/31 MP: 2/2
  1489 | D:2      | Reached XP level 4. HP: 25/40 MP: 3/3
  2210 | D:3      | Noticed Sigmund
  2226 | D:3      | Killed Sigmund
  2227 | D:3      | Reached skill level 5 in Fighting
  2227 | D:3      | Reached skill level 6 in Ranged Weapons
  2227 | D:3      | Reached XP level 5. HP: 36/49 MP: 4/4
  2813 | D:3      | Reached XP level 6. HP: 45/56 MP: 5/5
  3594 | D:4      | Found a sand-covered staircase.
  3605 | Ossuary  | Entered an ossuary
  3706 | Ossuary  | Reached skill level 7 in Ranged Weapons
  3709 | Ossuary  | Gained mutation: You have hidden genetic defects. [potion
                  | of mutation]
  3709 | Ossuary  | Gained mutation: You expend magic power (3 MP) to
                  | strengthen your wands. [potion of mutation]
  3709 | Ossuary  | Slain by a mummy

Illustrated notes

Levels and vault maps discovered:
D:1:      dpeg_arrival_round_b, layout_loops_corners,
          amcnicky_mini_corridor_feature
D:2:      layout_basic, minmay_goblin_outpost
D:3:      cheibrodos_fertilizer, layout_basic, minmay_pentomino_pile,
          uniq_sigmund
D:4:      layout_cave_pods, nicolae_dithmenos_shadow_blocks, enter_ossuary_4
Ossuary:  ossuary_tomb_3

Skill      XL: |  1  2  3  4  5  6 |
---------------+-------------------+-----
Fighting       | 3 4 5 6 |  6.3
Ranged Weapons | 5 6 7 |  7.0
Dodging        | |  2.1
Stealth        | |  0.7

Action                   |  1- 3 |  4- 6 || total
-------------------------+-------+-------++-------
 Fire: Shortbow          |   109 |   207 ||   316
  Use: Potion            |       |     2 ||     2
Armor: Scale mail        |    31 |    67 ||    98
Dodge: Dodged            |    41 |    79 ||   120
